AoeStats
← 风也温柔

Black Forest

511507295Analyzed
4v4 RM · 12d ago on Oct 5, 2026· 30m 28s· 8 players
Game mode
Random Map
Map size
Large (8 player)
Population
200
Speed
Normal
Resources
Standard
Victory
Conquest
Starting age
Dark Age
Ending age
Imperial Age
RankedLock teamsTeams togetherTeam positionsShared explorationLock speedFull tech treeHidden civsTurbo modeCheats
Victory
Defeat
🇹🇷 Hindustanis · Türkiye
1051
+30
🇦🇷 Turks · Argentina
1007
+16
🇲🇽 Burgundians · Mexico
962
+18
🇨🇦 Bohemians · Canada
942
+20
vs
🇵🇹 Khmer · Portugal
1052
-19
🇦🇹 Turks · Austria
1023
-17
🇬🇧 Britons · United Kingdom
981
-16
🇫🇷 Romans · France
979
-16
Bantum
3:08 Loom
12:23 Feudal Age
14:54 Wheelbarrow
14:38 Double-Bit Axe
19:02 Castle Age
17:03 Fishing Lines
17:33 Gold Mining
19:54 Gillnets
20:21 Bow Saw
22:14 Stone Mining
27:19 Bloodlines
27:53 Scale Barding Armor
Exteme77
0:54 Loom
11:08 Feudal Age
16:49 Castle Age
15:31 Double-Bit Axe
18:16 Bow Saw
Léodagan
0:30 Loom
15:07 Feudal Age
19:20 Castle Age
17:35 Double-Bit Axe
18:32 Horse Collar
20:12 Wheelbarrow
21:57 Bow Saw
27:17 Fletching
28:26 Heavy Plow
Dave C.T
11:34 Feudal Age
11:07 Loom
12:53 Feudal Age
17:32 Castle Age
16:29 Double-Bit Axe
20:07 Horse Collar
20:41 Bow Saw
22:38 Fishing Lines
24:07 Gold Mining
24:07 Stone Mining
24:54 Gold Mining
26:01 Wheelbarrow
26:34 Gillnets
27:08 Heavy Plow
27:49 Hand Cart
30:11 Fletching
30:21 Padded Archer Armor
Rebekam
0:29 Loom
12:19 Feudal Age
16:35 Castle Age
14:54 Double-Bit Axe
15:09 Fishing Lines
15:46 Horse Collar
17:07 Bow Saw
19:18 Wheelbarrow
22:04 Scale Barding Armor
22:28 Forging
26:19 Hand Cart
25:50 Town Watch
27:19 Chain Barding Armor
27:38 Horse Collar
27:52 Cavalier
28:34 Husbandry
29:08 Heavy Plow
DanielT04F
0:57 Loom
12:20 Feudal Age
19:18 Castle Age
17:34 Double-Bit Axe
17:54 Horse Collar
18:39 Town Watch
22:17 Bow Saw
21:50 Crossbowman
27:11 Fletching
27:17 Pikeman
28:20 Town Patrol
31:48 Imperial Age
31:14 Chemistry
风也温柔
0:59 Loom
12:30 Feudal Age
16:14 Castle Age
14:56 Horse Collar
15:52 Double-Bit Axe
20:23 Scale Mail Armor
25:45 Gold Mining
Locote87
0:59 Loom
11:36 Feudal Age
21:36 Castle Age
20:23 Fishing Lines
23:29 Double-Bit Axe
24:02 Gold Mining
26:46 Imperial Age
26:30 Gold Shaft Mining
26:10 Bow Saw
26:18 Gillnets
26:44 Husbandry
26:55 Bloodlines
27:17 Scale Barding Armor
29:12 Two-Man Saw
28:52 Wheelbarrow
29:14 Ballistics
29:34 Forging
Connection lost

Rejoining the realm…

Still unreachable

The connection could not be restored.

Session expired

The server has moved on; the page needs a fresh start.